 Dungeon Crawl Stone Soup version 0.20-a0-464-g526fb3c (webtiles) character file.

5048 ololoev the Markscentaur (level 10, 0/78 (79) HPs)
             Began as a Centaur Fire Elementalist on Jan 11, 2017.
             Was an Elder of Okawaru.
             Succumbed to a hornet's poison
             ... on level 9 of the Dungeon.
             The game lasted 00:35:54 (14211 turns).

ololoev the Markscentaur (CeFE)                    Turns: 14211, Time: 00:35:55

HP:   0/78 (79)     AC: 12    Str: 14    XL:     10   Next: 30%
MP:   12/13         EV: 10    Int: 14    God:    Okawaru [****..]
Gold: 309           SH:  0    Dex:  8    Spells: 11/12 levels left

rFire  . . .     SeeInvis .     a - +0 shortbow
rCold  . . .     Gourm    .     t - +2 scale mail {rPois}
rNeg   . . .     Faith    +     (shield currently unavailable)
rPois  +         Spirit   .     (helmet restricted)
rElec  .         Reflect  .     z - +1 cloak {+Inv}
rCorr  .         Harm     .     (no gloves)
MR     .....     Rnd*Rage +     (no barding)
Stlth  +.........               K - amulet of faith
                                (no ring)
                                H - ring of flight

@: lethally poisoned (0 -> -6), heroism, slowed
A: hooves 3, horns 1, berserk 1, clumsy 1, deformed body, speed 2, tough skin 3,
MP-powered wands
a: Heroism, Renounce Religion, Evoke Invisibility, Evoke Flight


Innate Abilities, Weirdness & Mutations

You have hooves in place of feet.
Armour fits poorly on your strangely shaped body.
You cover ground very quickly.
You have extremely tough skin. (AC +3)
You have a pair of small horns on your head.
You tend to lose your temper in combat.
You are clumsy. (Dex -2)
You expend magic power (3 MP) to strengthen your wands.

Inventory:

Hand Weapons
 a - a +0 shortbow (weapon)
 b - the +3 long sword "Dragonslayer" {slice, Str+4}
   (You found it on level 8 of the Dungeon)

   It inflicts extra damage upon your enemies.
   It affects your strength (+4).
Missiles
 B - 115 arrows (quivered)
Armour
 t - a +2 scale mail of poison resistance (worn)
 u - a +0 helmet
 z - a +1 cloak of invisibility (worn)
Jewellery
 E - an uncursed ring of teleportation
 H - a ring of flight (left hand)
 K - an amulet of faith (around neck)
Wands
 x - a wand of iceblast (9/15)
 I - a wand of digging (12/24)
Scrolls
 h - a scroll of random uselessness {unknown}
 j - 3 scrolls of enchant armour
 k - 2 scrolls of enchant weapon
 m - 3 scrolls of blinking
 n - 3 scrolls of remove curse
 o - a scroll of magic mapping {unknown}
 p - 2 scrolls of immolation {unknown}
 v - 3 scrolls of fear {unknown}
 w - a scroll of noise {unknown}
 y - 4 scrolls of teleportation {unknown}
 C - 2 scrolls of amnesia {unknown}
 F - a scroll of recharging {unknown}
 J - a scroll of brand weapon {unknown}
 L - a scroll of identify
Potions
 e - 2 potions of heal wounds
 i - 4 potions of curing
 q - a potion of magic {unknown}
 r - a potion of lignification {unknown}
 s - 2 potions of might {unknown}
 A - a potion of cure mutation {unknown}
 G - 4 potions of agility {unknown}
Comestibles
 c - 11 bread rations
 f - 3 beef jerkies
 g - a meat ration
 l - 12 fruits
 D - 2 slices of pizza


   Skills:
 - Level 4.2(9.2) Fighting
 + Level 15.2(20.2) Bows
 - Level 3.0(8.0) Armour
 - Level 3.3(8.3) Dodging
 - Level 1.1(6.1) Stealth
 - Level 1.5 Spellcasting
 - Level 0.8 Conjurations
 - Level 2.6 Fire Magic
 - Level 5.1 Invocations


You had 11 spell levels left.
You knew the following spells:

 Your Spells              Type           Power        Failure   Level  Hunger
a - Flame Tongue          Conj/Fire      #....        43%         1    ##.....


You were on level 9 of the Dungeon.
You worshipped Okawaru.
Okawaru was greatly pleased with you.
You were hungry.

You visited 1 branch of the dungeon, and saw 9 of its levels.

You collected 309 gold pieces.

#.. #.. #.# ##+## ...
##...## #.#### ##.....##
#.##.## ##.......##
######.#...####(..(.....#
..............((@.......+
####.#.#....###(..y.....#
#.#.##.#.# ##.......##
#.#.####.# ##.....##
#.#..# #.# ##...## #.##.#
#.# ##+## ##.##.###.# #.#
#.........# #.#
#.........# ##.##

Notes
Turn   | Place    | Note
-------+----------+-------------------------------------------
     0 | D:1      | ololoev the Centaur Fire Elementalist began the quest for the Orb.
     0 | D:1      | Reached XP level 1. HP: 14/14 MP: 3/3
   323 | D:1      | Reached XP level 2. HP: 22/22 MP: 1/4
   415 | D:1      | Reached skill level 1 in Fighting
  1241 | D:2      | Reached XP level 3. HP: 28/28 MP: 0/5
  1412 | D:2      | Reached skill level 1 in Armour
  2402 | D:3      | Reached XP level 4. HP: 31/36 MP: 0/6
  3704 | D:3      | Found an iron altar of Okawaru.
  3712 | D:3      | Became a worshipper of Warmaster Okawaru
  4301 | D:3      | Reached skill level 1 in Invocations
  4301 | D:3      | Reached XP level 5. HP: 7/42 MP: 0/7
  4611 | D:4      | Noticed an ogre
  5349 | D:4      | Found a staircase to the Ecumenical Temple.
  5359 | D:4      | Noticed Natasha
  5364 | D:4      | Killed Natasha
  5478 | D:4      | Noticed Edmund
  5555 | D:4      | Killed Edmund
  5555 | D:4      | Reached * piety under Okawaru
  5555 | D:4      | Reached XP level 6. HP: 12/51 MP: 0/8
  6034 | D:4      | Found a shimmering altar of Xom.
  6102 | D:4      | Found a shadowy altar of Dithmenos.
  6192 | D:4      | Found a white marble altar of Elyvilon.
  6235 | D:4      | Noticed Natasha
  6286 | D:4      | Killed Natasha
  6294 | D:4      | Noticed Natasha
  6308 | D:4      | Killed Natasha
  6443 | D:4      | Reached XP level 7. HP: 49/57 MP: 7/10
  7071 | D:4      | Found a runed door.
  7076 | D:4      | Noticed Crazy Yiuf
  7082 | D:4      | Killed Crazy Yiuf
  7148 | D:5      | Entered Level 5 of the Dungeon
  7354 | D:5      | Reached ** piety under Okawaru
  7781 | D:5      | Reached skill level 5 in Invocations
  7852 | D:5      | Reached skill level 2 in Bows
  8218 | D:5      | Reached XP level 8. HP: 46/66 MP: 8/11
  8311 | D:5      | Noticed Pikel
  8326 | D:5      | Killed Pikel
  8326 | D:5      | Reached skill level 7 in Bows
  8373 | D:5      | Found Joguni's Gadget Shop.
  8426 | D:5      | Reached *** piety under Okawaru
  8469 | D:3      | Reached skill level 8 in Bows
  8900 | D:5      | Reached skill level 9 in Bows
  9086 | D:6      | Reached XP level 9. HP: 68/71 MP: 12/12
  9147 | D:6      | Received a gift from Okawaru
  9147 | D:6      | Reached skill level 10 in Bows
  9153 | D:6      | Gained mutation: You expend magic power (3 MP) to strengthen your wands. [mutagenic meat]
  9154 | D:6      | Gained mutation: You have a pair of small horns on your head. [mutagenic meat]
  9155 | D:6      | Gained mutation: You tend to lose your temper in combat. [mutagenic meat]
  9156 | D:6      | Gained mutation: You are clumsy. (Dex -2) [mutagenic meat]
  9196 | D:6      | Found a glowing golden altar of the Shining One.
  9196 | D:6      | Noticed an oklob plant
  9875 | D:5      | Reached skill level 11 in Bows
 10496 | D:6      | Found Bumyetott's Jewellery Shoppe.
 11305 | D:7      | Reached skill level 12 in Bows
 11416 | D:7      | Found a sparkling altar of Nemelex Xobeh.
 11601 | D:7      | Found Lionler's Food Shoppe.
 11781 | D:7      | Reached **** piety under Okawaru
 11851 | D:8      | Noticed Joseph
 11880 | D:8      | Killed Joseph
 11880 | D:8      | Reached skill level 13 in Bows
 12113 | D:8      | Received a gift from Okawaru
 12181 | D:8      | Got a dazzling long sword
 12182 | D:8      | Identified the +3 long sword "Dragonslayer" {slice, Str+4} (You found it on level 8 of the Dungeon)
 12348 | D:8      | Reached skill level 14 in Bows
 12348 | D:8      | Reached XP level 10. HP: 75/78 MP: 11/13
 12765 | D:8      | Found a staircase to the Lair.
 13130 | D:8      | Found a shimmering altar of Xom.
 13608 | D:9      | Reached skill level 15 in Bows
 13860 | D:9      | Paralysed by a hornet for 3 turns
 13874 | D:9      | Paralysed by a hornet for 3 turns
 14210 | D:9      | HP: 1/78 [hornet (7)]
 14211 | D:9      | Succumbed to a hornet's poison

Dungeon Overview and Level Annotations

Branches:
Dungeon (9/15)             Temple (0/1) D:4            Lair (0/6) D:8
    Orc: D:9-12

Altars:
Dithmenos
Elyvilon
Nemelex Xobeh
Okawaru
Xom
The Shining One

Shops:
D:5 }   D:6 =   D:7 %

Annotations:
D:6 exclusion: oklob plant


Message History

You shoot an arrow. The arrow hits the hornet!
The hornet is moderately wounded.
Firing (i - inventory):
B - 125 arrows (quivered)
Press: ? - help, Shift-Dir - straight line, f/p - hornet
Aim: a hornet (moderately wounded)
You shoot an arrow. The arrow barely misses the hornet.
Firing (i - inventory):
B - 124 arrows (quivered)
Press: ? - help, Shift-Dir - straight line, f/p - hornet
Aim: a hornet (moderately wounded)
You shoot an arrow. The arrow closely misses the hornet.
Firing (i - inventory):
B - 123 arrows (quivered)
Press: ? - help, Shift-Dir - straight line, f/p - hornet
Aim: a hornet (lightly wounded)
You shoot an arrow. The arrow hits the hornet.
The hornet is moderately wounded.
The hornet stings you but does no damage.
Firing (i - inventory):
B - 122 arrows (quivered)
Press: ? - help, Shift-Dir - straight line, f/p - hornet
Aim: a hornet (moderately wounded)
You shoot an arrow. The arrow barely misses the hornet.
The hornet stings you.
Firing (i - inventory):
B - 121 arrows (quivered)
Press: ? - help, Shift-Dir - straight line, f/p - hornet
Aim: a hornet (moderately wounded)
You shoot an arrow. The arrow closely misses the hornet.
Firing (i - inventory):
B - 120 arrows (quivered)
Press: ? - help, Shift-Dir - straight line, f/p - hornet
Aim: a hornet (moderately wounded)
You shoot an arrow. The arrow hits the hornet.
The hornet is heavily wounded.
The hornet misses you.
Firing (i - inventory):
B - 119 arrows (quivered)
Press: ? - help, Shift-Dir - straight line, f/p - hornet
Aim: a hornet (heavily wounded)
You shoot an arrow. The arrow barely misses the hornet.
The hornet stings you!
Firing (i - inventory):
B - 118 arrows (quivered)
Press: ? - help, Shift-Dir - straight line, f/p - hornet
Aim: a hornet (heavily wounded)
You shoot an arrow.
The arrow hits the hornet but does no damage.
The hornet is heavily wounded.
The hornet stings you!
You feel yourself slow down.
Firing (i - inventory):
B - 117 arrows (quivered)
Press: ? - help, Shift-Dir - straight line, f/p - hornet
Aim: a hornet (heavily wounded)
You shoot an arrow. The arrow barely misses the hornet.
The hornet stings you but does no damage.
The hornet stings you.
Firing (i - inventory):
B - 116 arrows (quivered)
Press: ? - help, Shift-Dir - straight line, f/p - hornet
Aim: a hornet (heavily wounded)
You shoot an arrow. The arrow barely misses the hornet.
You feel yourself speed up. The hornet stings you!
You feel yourself slow down.
You are too injured to fight recklessly!
You are too injured to fight recklessly!
You are too injured to fight recklessly!
You are too injured to fight recklessly!
You are too injured to fight recklessly!
You are too injured to fight recklessly!
You are too injured to fight recklessly!
You are too injured to fight recklessly!
You are too injured to fight recklessly!
You are too injured to fight recklessly!
You are too injured to fight recklessly!
You are too injured to fight recklessly!
You are too injured to fight recklessly!
You are too injured to fight recklessly!
You are too injured to fight recklessly!
You are too injured to fight recklessly!
You are too injured to fight recklessly!
You are too injured to fight recklessly!
You are too injured to fight recklessly!
The hornet stings you!
You feel as though you will be slow longer.
The hornet stings you! The hornet stings you. The hornet stings you! x2
You are lethally poisoned!
You feel as though you will be slow longer.
You die...

You could see a hornet.

Vanquished Creatures
  Pikel (D:5)
  Joseph (D:8)
  A spriggan (D:7)
  2 wargs (D:8)
  Edmund (D:4)
  A slave (D:5)
  4 ice beasts
  2 phantoms
  2 sky beasts
  A hornet zombie (D:8)
  3 ogres
  2 orc warriors
  3 black bears
  6 centaurs
  A necrophage (D:8)
  A bullfrog (D:7)
  A water moccasin zombie (D:5)
  A gnoll sergeant (D:9)
  5 scorpions
  2 howler monkeys (D:7)
  3 crimson imps
  3 hounds
  3 orc priests
  Crazy Yiuf (D:4)
  2 bullfrog skeletons
  Natasha (thrice) (D:4)
  2 iguanas
  6 orc wizards
  6 worker ants
  2 hound skeletons
  13 gnolls
  A howler monkey skeleton (D:7)
  9 adders
  3 shadow imps
  An ooze (D:2)
  An adder zombie (D:7)
  3 worms
  2 dart slugs
  7 leopard geckos
  36 orcs
  A ball python (D:4)
  9 bats
  4 giant cockroaches
  5 goblins
  5 hobgoblins
  15 jackals
  3 quokkas
  4 frilled lizards
  8 kobolds
  A leopard gecko skeleton (D:5)
  4 rats
  2 fungi (D:4)
209 creatures vanquished.

Vanquished Creatures (others)
  A worker ant (D:5)
  A giant cockroach (D:5)
2 creatures vanquished.

Grand Total: 211 creatures vanquished

Action                   |  1- 3 |  4- 6 |  7- 9 | 10-12 || total
-------------------------+-------+-------+-------+-------++-------
Melee: Dagger            |    76 |    94 |       |       ||   170
       Kick              |    13 |    33 |    70 |    12 ||   128
       Flail             |       |    63 |    62 |       ||   125
       Quarterstaff      |       |       |   315 |       ||   315
       Long sword        |       |       |    19 |    41 ||    60
       Headbutt          |       |       |    17 |     8 ||    25
 Fire: Shortbow          |       |       |    78 |   165 ||   243
 Cast: Flame Tongue      |    48 |   108 |       |       ||   156
Invok: Heroism           |       |       |     6 |     3 ||     9
  Use: Scroll            |       |       |     6 |     1 ||     7
  Eat: Chunk             |     5 |     8 |    20 |     4 ||    37
       Royal jelly       |       |     1 |       |       ||     1
       Meat ration       |       |     1 |       |       ||     1
       Fruit             |       |       |     1 |       ||     1
Armor: Robe              |    51 |    47 |       |       ||    98
       Scale mail        |       |    40 |   226 |    39 ||   305
Dodge: Dodged            |    65 |   101 |   162 |    43 ||   371
       Rpst.: Long sword |       |       |     5 |     2 ||     7

Vault maps used:
D:1:      saegor_arrival_simple_e, minmay_tetromino_t2
D:2:      first_bread
D:3:      kennysheep_okawaru_gauntlet
D:4:      grunt_temple_overflow_open, st_stairs_5, elyvilon_altar_5,
          uniq_crazy_yiuf_cottage, uniq_natasha, uniq_edmund
D:5:      serial_shops, shop, dk_vineyard_3, uniq_pikel
D:6:      serial_shops, shop, corexii_hall_statues_i,
          minmay_misc_feat_nine_boxes, lemuel_oklob_altar
D:7:      nemelex_xobeh_ov_fountains_minmay, serial_shops,
          nicolae_shop_behind_doors, amethyst_killhole, the_bakery,
          minmay_misc_feat_chi
D:8:      erik_lair_orcish_takeover, tgw_xom, uniq_joseph
